 Dungeon Crawl Stone Soup version 0.28.0-53-g5a82cb258f (webtiles) character file.

Game seed: 16856209633410336717

1874 ChickenMitten the Summoner (level 8, 0/31 HPs)
             Began as a Felid Summoner on Aug 1, 2022.
             Was an Initiate of Gozag.
             Shot with a sling bullet by Joseph (10 damage)
             ... on level 8 of the Dungeon.
             The game lasted 00:55:00 (11302 turns).

ChickenMitten the Summoner (Felid Summoner)        Turns: 11302, Time: 00:55:01

Health: 0/31       AC:  2    Str:  4    XL:     8   Next: 91%
Magic:  13/20      EV: 17    Int: 19    God:    Gozag
Gold:   1113       SH:  5    Dex: 12    Spells: 5/21 levels left
                                        Lives:  0   Deaths: 2

rFire   . . .      SeeInvis +   (weapon unavailable)
rCold   + + +      Faith    .   (shield unavailable)
rNeg    . . .      Spirit   .   (armour unavailable)
rPois   .          Reflect  +   (helmet unavailable)
rElec   +          Harm     .   (cloak unavailable)
rCorr   .          Rampage  .   (gloves unavailable)
Will    +....                   (boots unavailable)
Stlth   ++........              c - amulet of Mubiw {Reflect rElec rC+++ Regen+ Dex-4 SH+5}
HPRegen 0.90/turn               j - +4 ring of slaying
MPRegen 0.17/turn               t - ring of flight

@: flying, quick
A: very small, claws 1, fangs 3, see invisible, speed 1, shaggy fur 2, stealthy
paws, no weapons or thrown items, no armour, multi-lived
a: Renounce Religion, Potion Petition, Call Merchant, Bribe Branch


You were on level 8 of the Dungeon.
You worshipped Gozag.
Gozag was most pleased with you.
You visited 2 branches of the dungeon, and saw 9 of its levels.
You also visited: Sewer.

You collected 1229 gold pieces.
You spent 70 gold pieces at shops.
You paid 46 gold pieces to Gozag.

Inventory:

Hand Weapons
 g - the +8 trident of the Octopus King {venom, rElec rPois}
   (You found it on level 2 of the Dungeon)

   It poisons the flesh of those it strikes.
   rElec:     It insulates you from electricity.
   rPois:     It protects you from poison.
Missiles
 x - 7 curare-tipped darts
Armour
 d - a +0 pair of gloves
 s - a +0 hat
Jewellery
 c - the amulet of Mubiw (around neck) {Reflect rElec rC+++ Regen+ Dex-4 SH+5}
   (You acquired it on level 5 of the Dungeon)

   [amulet of reflection]

   It reflects blocked missile attacks.
   Dex:       It affects your dexterity (-4).
   rC:        It renders you almost immune to cold.
   rElec:     It insulates you from electricity.
   Regen:     It increases your rate of health regeneration.
   SH:        It affects your SH (+5).
 j - a +4 ring of slaying (left paw)
 t - a ring of flight (right paw)
 w - a ring of fire
Wands
 i - a wand of flame (28)
 A - a wand of iceblast (15)
Scrolls
 b - 4 scrolls of teleportation
 e - a scroll of magic mapping
 k - a scroll of holy word
 m - a scroll of brand weapon
 r - a scroll of amnesia
 u - a scroll of fear
 y - a scroll of fog {unknown}
 B - 2 scrolls of identify
Potions
 a - a potion of flight {unknown}
 f - a potion of might {unknown}
 h - 2 potions of haste
 l - 2 potions of invisibility
 n - a potion of brilliance {unknown}
 o - 2 potions of cancellation {unknown}
 p - 2 potions of heal wounds
 q - 2 potions of mutation {unknown}
 v - a potion of attraction {unknown}
 z - a potion of degeneration {unknown}
 C - 2 potions of curing {unknown}


   Skills:
 - Level 2.6 Dodging
 - Level 2.6 Stealth
 - Level 7.3 Spellcasting
 * Level 6.7 Hexes
 - Level 8.5 Summonings
 - Level 5.2 Ice Magic


You had 5 spell levels left.
You knew the following spells:

 Your Spells              Type           Power      Damage    Failure   Level
a - Summon Small Mammal   Summ           100%       N/A       1%          1
b - Call Imp              Summ           39%        N/A       1%          2
c - Call Canine Familiar  Summ           39%        N/A       1%          3
d - Summon Guardian Gole  Hex/Summ       36%        N/A       1%          3
e - Cause Fear            Hex            16%        N/A       6%          4
f - Ozocubu's Armour      Ice            27%        N/A       3%          3

Your spell library contained the following spells:

 Spells                   Type           Power      Damage    Failure   Level
 Ensorcelled Hibernation  Hex/Ice        58%        N/A       1%          2
 Inner Flame              Hex/Fire       19%        N/A       8%          3
 Foxfire                  Conj/Fire      28%        2x1d5     10%         1
 Corpse Rot               Necr/Air       14%        N/A       14%         2
 Passwall                 Tmut/Erth      5%         N/A       14%         2
 Summon Lightning Spire   Summ/Air       23%        N/A       17%         4
 Metabolic Englaciation   Hex/Ice        14%        N/A       22%         5
 Conjure Flame            Conj/Fire      7%         6-21      28%         3
 Swiftness                Air            7%         N/A       28%         3
 Dispel Undead            Necr           7%         3d8       67%         4
 Flame Wave               Conj/Fire      7%         2d5       67%         4
 Simulacrum               Ice/Necr       8%         N/A       99%         6
 Death Channel            Necr           3%         N/A       100%        6
 Dragon Form              Tmut           3%         N/A       100%        7
 Dragon's Call            Summ           19%        N/A       100%        9


Dungeon Overview and Level Annotations

Branches:
Dungeon (8/15)             Temple (1/1) D:4           Sewer (visited)
   Lair: D:8-11

Altars:
Ashenzari
Cheibriados
Dithmenos
Elyvilon
Fedhas
Gozag
Hepliaklqana
Kikubaaqudgha
Makhleb
Nemelex Xobeh
Okawaru
Qazlal
Ru
Sif Muna
Trog
Uskayaw
Vehumet
Wu Jian
Xom
Yredelemnul
Zin
The Shining One

Shops:
D:5 !

Annotations:
D:8 Joseph


Innate Abilities, Weirdness & Mutations

You have sharp claws.
You have razor-sharp teeth.
You have supernaturally acute eyesight. (SInv)
You cover ground quickly. (Speed+)
You are covered in thick fur. (AC +2)
Your paws help you pounce on unaware monsters.
You are incapable of wielding weapons or throwing items.
You cannot wear armour.
You gain extra lives every three experience levels.


Message History

What are your orders? t - Meow!
Orders for allies: a - Attack new target. p - Attack previous target. r - Retreat! s - Stop attacking. g - Guard the area. f - Follow me.
Anything else - Cancel.
Gang up on whom?
Press: ? - help, Dir - move target, f/p - Joseph
Aim: Joseph, wielding a +0 hunting sling, wearing a +0 leather armour and quivering sling bullets (ally target) Attack!
Your shadow imp barely misses Joseph.
Joseph shoots a sling bullet.
The sling bullet hits you!
Ouch! That really hurt!
* * * LOW HITPOINT WARNING * * *
Joseph unwields a +0 hunting sling.
Joseph wields a +0 quarterstaff.
Joseph completely misses your shadow imp.
Your shadow imp hits Joseph but does no damage.
Your shadow imp hits Joseph.
What are your orders? t - Meow!
Orders for allies: a - Attack new target. p - Attack previous target. r - Retreat! s - Stop attacking. g - Guard the area. f - Follow me.
Anything else - Cancel.
Gang up on whom?
Press: ? - help, Dir - move target, f/p - Joseph
Aim: Joseph, wielding a +0 quarterstaff, wearing a +0 leather armour and quivering sling bullets (lightly wounded, ally target) Attack!
Joseph unwields a +0 quarterstaff.
Joseph wields a +0 hunting sling.
Joseph shoots a sling bullet.
The sling bullet hits your shadow imp!!
Your shadow imp dies!
Your shadow imp disappears in a puff of smoke!
Your quokka bites Joseph.
Joseph shoots a sling bullet.
The sling bullet hits your quokka!
Your quokka dies!
Your quokka's corpse disappears in a puff of smoke!
Casting: Call Canine Familiar (safe; 1% risk of failure)
Confirm with . or Enter, or press ? or * to list all spells.
A beastly little devil appears in a puff of frigid air.
Joseph shoots a sling bullet.
The sling bullet hits you!
You die...
Your body crumbles into a pile of gold.

.....$'....#
#@9..#
########ยง..#
#.....##...#
#..........#
#..........#
#..........#
#...).##..5#
#....)##@..#
#......')..#
#......#...#
#......#...#
$
#.....##...#
########...#
..........#
.......)..#
.......)..#


You could see Joseph (ally target), a friendly guardian golem (summoned) and a
friendly white imp (summoned).

Vanquished Creatures
  A giant cockroach (D:1)
  A bat (D:1)
2 creatures vanquished.

Vanquished Creatures (collateral kills)
  Grum (D:8)
  A water moccasin (D:6)
  An ice beast (D:6)
  An orc warrior (D:6)
  A sky beast (D:7)
  A necrophage (D:7)
  2 centaurs
  A phantom (D:4)
  A kobold brigand (D:8)
  A bullfrog (D:7)
  3 scorpions
  A crimson imp (D:7)
  A jelly (D:7)
  A bullfrog zombie (D:6)
  An orc priest (D:5)
  2 bullfrog skeletons
  2 hounds (D:6)
  An iguana (D:4)
  3 orc wizards
  A killer bee zombie (D:7)
  A gnoll (D:7)
  A howler monkey skeleton (D:5)
  8 adders
  3 river rats (Sewer)
  A shadow imp (D:8)
  4 white imps
  2 ufetubi
  An adder skeleton (D:4)
  6 worms
  6 dart slugs
  22 orcs
  8 ball pythons
  3 bats
  13 endoplasms
  5 giant cockroaches
  7 goblins
  3 hobgoblins
  7 jackals
  10 kobolds
  A quokka (D:2)
  A frilled lizard (D:1)
  A quokka skeleton (D:4)
  6 rats
147 creatures vanquished.

Vanquished Creatures (others)
  A two-headed ogre (D:8)
  2 orc warriors
  2 wolves (D:8)
  A phantom (D:5)
  A gnoll sergeant (D:7)
  2 gnolls (D:7)
  An orc (D:8)
10 creatures vanquished.

Grand Total: 159 creatures vanquished

Notes
Turn   | Place    | Note
-------+----------+-------------------------------------------
     0 | D:1      | ChickenMitten the Felid Summoner began the quest for the
                  | Orb.
     0 | D:1      | Reached XP level 1. HP: 7/7 MP: 4/4
   285 | D:1      | Reached XP level 2. HP: 11/11 MP: 4/6
   308 | D:1      | Learned a level 2 spell: Call Imp
  1034 | D:2      | Found a faded altar of an unknown god.
  1137 | D:2      | Reached XP level 3. HP: 14/14 MP: 3/7
  1281 | D:2      | Found the +8 trident of the Octopus King {venom, rElec
                  | rPois}
  2031 | D:3      | Found an opulent altar of Gozag.
  2053 | D:3      | Became a worshipper of Gozag Ym Sagoz the Greedy
  2346 | D:3      | Learned a level 3 spell: Call Canine Familiar
  2422 | D:3      | Reached skill level 5 in Summonings
  2422 | D:3      | Reached XP level 4. HP: 18/18 MP: 2/9
  2515 | D:3      | Found a glowing drain.
  2532 | Sewer    | Entered a sewer
  3060 | Sewer    | Reached XP level 5. HP: 21/21 MP: 4/11
  4303 | D:4      | Noticed a phantom
  4699 | D:4      | Found a staircase to the Ecumenical Temple.
  4735 | Temple   | Entered the Ecumenical Temple
  5773 | D:4      | Killed a phantom
  5774 | D:4      | Reached skill level 6 in Summonings
  5774 | D:4      | Gained mutation: You are covered in thick fur. (AC +2)
                  | [Felid growth]
  5774 | D:4      | Reached XP level 6. HP: 24/24 MP: 2/13
  5878 | D:5      | Entered Level 5 of the Dungeon
  5889 | D:5      | You are sucked into a shaft and drop 2 floors!
  6153 | D:6      | Noticed an orc warrior
  6727 | D:7      | Reached skill level 5 in Spellcasting
  6727 | D:7      | Reached XP level 7. HP: 27/27 MP: 8/15
  7019 | D:7      | Reached skill level 7 in Summonings
  8016 | D:7      | Learned a level 3 spell: Summon Guardian Golem
  8596 | D:6      | Slain by an orc warrior
  8597 | D:6      | Reached XP level 6. HP: -5/24 MP: 9/16
  8607 | D:6      | Noticed a water moccasin
  8620 | D:6      | Killed a water moccasin
  8621 | D:6      | Reached XP level 7. HP: 27/27 MP: 8/17
  8755 | D:6      | Reached skill level 8 in Summonings
  8901 | D:6      | Reached skill level 1 in Hexes
  9038 | D:6      | Reached XP level 8. HP: 31/31 MP: 12/19
  9066 | D:5      | Found Jeprunne's Distillery.
  9089 | D:5      | Bought a potion of heal wounds for 70 gold pieces
  9091 | D:5      | Identified a scroll of acquirement
  9096 | D:5      | Acquired the amulet of Mubiw {Reflect rElec rC+++ Regen+
                  | Dex-4 SH+5}
  9374 | D:5      | Learned a level 4 spell: Cause Fear
  9378 | D:5      | Learned a level 3 spell: Ozocubu's Armour
  9428 | D:5      | Reached skill level 1 in Ice Magic
  9558 | D:5      | Shot with an arrow by a centaur
  9559 | D:5      | Reached XP level 7. HP: -5/27 MP: 17/18
 10596 | D:8      | Noticed a two-headed ogre
 10610 | D:8      | Killed a two-headed ogre
 10611 | D:8      | Reached skill level 5 in Ice Magic
 10611 | D:8      | Reached XP level 8. HP: 31/31 MP: 10/20
 10736 | D:8      | Noticed Grum
 10785 | D:8      | Killed Grum
 10790 | D:8      | Reached skill level 5 in Hexes
 11287 | D:8      | Noticed Joseph
 11302 | D:8      | Shot with a sling bullet by Joseph

Illustrated notes

Levels and vault maps discovered:
D:1:      nzn_arrival_depleted_hourglass, layout_rooms
D:2:      layout_basic, chequers_ecumenical_altar_island
D:3:      layout_basic, nicolae_gozag_seed_capital,
          cheibrodos_sewer_entry_sluice, chequers_serial_rivers_small_3
D:4:      layout_rooms, minmay_temple_entry_slanted
D:5:      layout_loops_ring, serial_shops, nicolae_shop_hallway_stairs
D:6:      layout_cave_pools, minmay_crossroads
D:7:      layout_loops_ring, minmay_fire_ice_demons
D:8:      layout_gridville, serial_shops, shop_fountains, st_stairs_5,
          uniq_joseph, uniq_grum
Temple:   nicolae_temple_the_god_donut

Skill      XL: |  1  2  3  4  5  6  7  8 |
---------------+-------------------------+-----
Spellcasting   | 3 4 5 7 |  7.3
Summonings     | 5 6 8 |  8.5
Hexes          | 1 6 |  6.7
Ice Magic      | 5 2 |  5.2
Dodging        | |  2.6
Stealth        | |  2.6

Action                   |  1- 3 |  4- 6 |  7- 9 || total
-------------------------+-------+-------+-------++-------
Melee: Unarmed           |     7 |     1 |       ||     8
       Bite              |     2 |       |       ||     2
 Cast: Summon Small Mamm |    42 |    36 |    44 ||   122
       Call Imp          |    24 |    29 |    36 ||    89
       Call Canine Famil |     2 |    34 |    45 ||    81
       Summon Guardian G |       |     1 |    18 ||    19
       Ozocubu's Armour  |       |       |     4 ||     4
       Cause Fear        |       |       |     2 ||     2
  Use: Potion            |       |     3 |     1 ||     4
       Scroll            |       |       |     8 ||     8
Armor: Skin              |       |     1 |     4 ||     5
Dodge: Dodged            |    28 |    18 |    17 ||    63
Block: Other             |       |       |     3 ||     3
       Reflection        |       |       |     3 ||     3
